 Dungeon Crawl Stone Soup version 0.25-a0-681-gdf4e720381 (webtiles) character file.

Game seed: 14588455506973848849, levelgen mode: deterministic

430394 Flugslaktarn the Slayer (level 22, 0/211 HPs)
             Began as a Deep Dwarf Fighter on Mar 30, 2020.
             Was the Champion of Makhleb.
             Killed from afar by an electric golem (38 damage)
             ... with a bolt of lightning
             ... on level 5 of the Realm of Zot.
             The game lasted 00:28:21 (25994 turns).

Flugslaktarn the Slayer (Deep Dwarf Fighter)       Turns: 25994, Time: 00:28:21

Health: 0/211      AC: 43    Str: 28    XL:     22   Next: 51%
Magic:  0/6        EV: 14    Int:  9    God:    Makhleb [******]
Gold:   3050       SH: 15    Dex: 12    Spells: 21/21 levels left

rFire    + . .     SeeInvis .   y - +9 broad axe
rCold    . . .     Gourm    .   B - +1 kite shield {rPois}
rNeg     + + +     Faith    .   c - +7 plate armour {rF+}
rPois    +         Spirit   .   (no helmet)
rElec    .         Reflect  .   a - +2 cloak {MR+}
rCorr    .         Harm     .   g - +2 pair of gloves of the Invisible Hand {rN+ Regen+ Stlth+}
MR       ++++.                  L - +2 pair of boots
Stlth    ..........             V - macabre finger necklace {rN+}
HPRegen  0.00/turn              U - +5 ring of protection
MPRegen  0.10/turn              j - +5 ring of slaying
                                i - +4 ring of slaying

@: mighty, marked, non-regenerating, hasted, very quick
A: damage resistance, heal wounds, frail 1, low mp 2, mutation resistance 1,
negative energy resistance 1, sense surroundings 3, weak 1, no potion heal 1, no
regeneration
}: 3/15 runes: serpentine, barnacled, slimy
a: Heal Wounds, Minor Destruction, Lesser Servant of Makhleb, Major Destruction,
Greater Servant of Makhleb, Renounce Religion


You were on level 5 of the Realm of Zot.
You worshipped Makhleb.
Makhleb was exalted by your worship.
You were near starving.

You visited 8 branches of the dungeon, and saw 46 of its levels.
You also visited: Ossuary, Gauntlet and Volcano.

You collected 6152 gold pieces.
You spent 3102 gold pieces at shops.

Inventory:

Hand Weapons
 y - a +9 broad axe (weapon)
   (You took it off Blork the orc on level 5 of the Dungeon)
Missiles
 O - 2 throwing nets (quivered)
Armour
 a - a +2 cloak of magic resistance (worn)
   (You took it off Maurice on level 9 of the Dungeon)
 c - a +7 plate armour of fire resistance (worn)
   (You found it in a volcano)
 g - the +2 pair of gloves of the Invisible Hand (worn) {rN+ Regen+ Stlth+}
   (You found it on level 4 of the Snake Pit)

   It protects you from negative energy.
   It increases your rate of regeneration.
   It makes you more stealthy.
 B - a +1 kite shield of poison resistance (worn)
   (You bought it in a shop on level 11 of the Dungeon)
 C - a +4 chain mail of fire resistance
   (You took it off Saint Roka on level 2 of the Orcish Mines)
 D - +0 gold dragon scales
   (You found it on level 5 of the Depths)
 L - a +2 pair of boots (worn)
   (You found it on level 1 of the Snake Pit)
Jewellery
 b - an uncursed ring of fire
   (You found it on level 2 of the Dungeon)
 i - a +4 ring of slaying (on amulet)
   (You bought it in a shop on level 1 of the Shoals)
 j - a +5 ring of slaying (right hand)
   (You bought it in a shop on level 10 of the Dungeon)
 k - an uncursed ring of resist corrosion
   (You found it on level 10 of the Dungeon)
 p - a +3 ring of protection
   (You found it on level 4 of the Lair of Beasts)
 N - the ring of Megalomania {*Tele rElec rC+ Int-4 Dex+3 Slay+3}
   (You found it in a Gauntlet)

   [ring of teleportation]

   It may teleport you next to monsters.
   It affects your intelligence (-4).
   It affects your dexterity (+3).
   It affects your accuracy and damage with ranged weapons and melee attacks
   (+3).
   It protects you from cold.
   It insulates you from electricity.
 Q - an uncursed amulet of faith
   (You found it on level 15 of the Dungeon)
 U - a +5 ring of protection (left hand)
   (You found it on level 1 of the Depths)
 V - the macabre finger necklace (around neck) {rN+}
   (You found it on level 5 of the Pits of Slime)

   [amulet of nothing]

   It protects you from negative energy.
 W - a +6 ring of strength
   (You found it on level 5 of the Pits of Slime)
Wands
 A - a wand of clouds (8)
   (You found it on level 11 of the Dungeon)
 E - a wand of scattershot (13)
   (You found it on level 2 of the Lair of Beasts)
 F - a wand of enslavement (28)
   (You took it off Maggie on level 2 of the Lair of Beasts)
 I - a wand of iceblast (10)
   (You found it on level 1 of the Snake Pit)
 P - a wand of paralysis (16)
   (You found it on level 2 of the Shoals)
Scrolls
 f - a scroll of magic mapping
 l - 4 scrolls of immolation
 r - 11 scrolls of identify
 t - 18 scrolls of teleportation
 x - 7 scrolls of remove curse
 z - 3 scrolls of blinking
 G - a scroll of fog
 K - 2 scrolls of fear
 S - a scroll of enchant weapon
 X - 3 scrolls of silence
Potions
 m - a potion of berserk rage
 o - 5 potions of lignification
 q - 9 potions of curing
 u - 5 potions of flight
 v - 7 potions of brilliance
 w - 8 potions of heal wounds
 H - 3 potions of ambrosia
 J - 7 potions of stabbing
 M - 3 potions of magic
 R - 2 potions of invisibility
 T - 5 potions of cancellation
Comestibles
 e - 41 rations


   Skills:
 * Level 21.8 Fighting
 - Level 18.0 Axes
 + Level 20.8 Armour
 - Level 11.0 Dodging
 - Level 15.0 Shields
 - Level 15.0 Invocations


You had 21 spell levels left.
You didn't know any spells.
Your spell library was empty.

Dungeon Overview and Level Annotations

Branches:
Dungeon (15/15)            Temple (0/1) D:6            Lair (6/6) D:10
 Shoals (4/4) Lair:2        Snake (4/4) Lair:3        Slime (5/5) Lair:6
    Orc (2/2) D:9             Elf (0/3) Orc:2        Vaults (0/5) D:13
 Depths (5/5) D:15            Zot (5/5) Depths:5    Ossuary (visited)
Volcano (visited)         Gauntlet (visited)

Altars:
Cheibriados
Elyvilon
Gozag
Makhleb
Nemelex Xobeh
Ru
Uskayaw
Vehumet
Xom
Yredelemnul
Beogh
Jiyva

Shops:
D:4 :   D:5 (   D:10 =   D:11 }%[[   Orc:2 :[(*   Shoals:1 =   Shoals:3 [

Portals:
Hell: Depths:1 Depths:4 Depths:5
Abyss: Depths:1 Depths:4
Pandemonium: Depths:4
Ziggurat: Depths:4

Annotations:
D:4 3 runed translucent doors, Zaque's ghost, amateur OgHu
Lair:3 exclusion: orange crystal statue
Orc:2 exclusion: oklob plant
Zot:4 exclusion: 5 oklob plants


Innate Abilities, Weirdness & Mutations

You are resistant to damage.
You can heal yourself by infusing magical energy.
You resist negative energy. (rN+)
You passively map a large area around you.
You do not regenerate.
You are frail. (-10% HP)
Your magical capacity is very low. (-20% MP)
You are somewhat resistant to further mutation.
You are weak. (Str -2)
Potions are less effective at restoring your health.


Message History

You feel you are being watched by something.
You feel your power leaking away.
Your balrug hits the electric golem with a +2 vampiric demon whip!!
The electric golem is engulfed in flames!
The electric golem resists.
You miss the Killer Klown.
The Killer Klown is moderately wounded.
You completely miss the orb of fire. You slice the electric golem!!
The electric golem crackles and sizzles.
The electric golem hurls lightning at you.
The bolt of lightning hits the orb of fire.
The orb of fire completely resists.
The bolt of lightning hits you!
* * * LOW HITPOINT WARNING * * *
The bolt of lightning hits you!!
* * * LOW HITPOINT WARNING * * *
The bolt of lightning misses the orb of fire.
The electric golem crackles and sizzles.
The electric golem hurls lightning at you.
The bolt of lightning hits you!!!
You die...

,***,,..§..▓*▓......§..|.......^.
,**^,,.§..$.▓▓............p......
,*,,,,...§.X.▓...[...............
,,,,,^.0XX§§..^........^......^..
,*,,,,......§▓..8.............^..
,**,,,..^...▓▓...2..p.....*......
,***,,...^.▓*▓.D§................
,* ***▓▓▓▓▓* #..*8.*.............
** ##.@p............... *
##▓.^....^.........
▓▓▓▓.............
#▓▓▓▓▓▓▓▓▓▓▓##.... **
###............(.... .#*
##..†)##..^..).......
..###########...###..........)...
..!............###...........)...
#.............## #......^../.[...


You could see 2 orbs of fire, 2 Killer Klowns, 2 electric golems, a storm dragon
and a friendly balrug.

Vanquished Creatures
  the Royal Jelly (Slime:5)
  4 orbs of fire
  Sojobo (Depths:2)
  5 Killer Klowns (Zot:5)
  Saint Roka (Orc:2)
  A curse toe (Zot:4)
  Nikola (Snake:4)
  3 golden dragons
  2 electric golems (Zot:2)
  12 tentacled monstrosities
  Asterion (Depths:2)
  2 krakens
  20 Orb Guardians (Zot:5)
  16 acid blobs
  Polyphemus (Shoals:3)
  4 quicksilver dragons
  A sphinx (Depths:1)
  2 death cobs
  Donald (Shoals:4)
  3 tengu reavers
  8 storm dragons
  Roxanne (Shoals:4)
  8 nagarajas
  A draconian monk (Zot:4)
  8 shadow dragons
  8 azure jellies (Slime:5)
  Ilsuiw (Shoals:2)
  3 fire giants
  5 draconian knights
  A frost giant (D:15)
  Aizul (Snake:4)
  5 draconian scorchers
  A ghost moth (Zot:4)
  A draconian stormcaller (Zot:2)
  A draconian annihilator (Zot:4)
  A draconian shifter (Zot:2)
  2 vampire knights
  5 grey draconians (Zot:3)
  4 green draconians
  6 stone giants
  6 black draconians
  12 red draconians
  9 purple draconians
  A minotaur (Gauntlet)
  5 yellow draconians
  4 white draconians
  6 spark wasps (Depths:2)
  A dire elephant (D:15)
  4 merfolk javelineers
  2 ettins (Depths:1)
  3 yaktaur captains
  5 death oozes (Slime:5)
  6 merfolk impalers
  6 great orbs of eyes
  4 fire dragons
  4 rakshasas (Depths:1)
  A hydra (Lair:6)
  4 ice dragons
  A vault guard (D:13)
  7 naga warriors
  2 catoblepae
  An alligator snapping turtle (Shoals:4)
  Erica (Orc:1)
  5 centaur warriors
  A satyr (shapeshifter) (Depths:4)
  7 two-headed ogres
  A spriggan air mage (Depths:3)
  3 merfolk avatars
  3 anacondas (Snake:1)
  An anaconda (shapeshifter) (Depths:5)
  5 deep troll shamans
  5 merfolk aquamancers (Shoals:4)
  A dancing weapon (D:15)
  A hell hog (Gauntlet)
  3 tengu warriors
  An ogre mage (Depths:2)
  2 satyrs (Shoals:3)
  3 deep troll earth magi
  7 death yaks
  12 naga sharpshooters
  Urug (Orc:1)
  An orc high priest (Orc:2)
  A shock serpent (Snake:1)
  8 hell knights
  Sonja (Lair:5)
  3 salamander mystics
  An iron troll (Depths:2)
  An orange crystal statue (Depths:1)
  6 deep trolls
  2 wizards
  20 sea snakes
  8 naga ritualists
  An unseen horror (D:10)
  A glowing orange brain (Slime:5)
  A phantasmal warrior (Depths:4)
  20 ugly things
  10 harpies
  A wolf spider (D:15)
  6 orc knights
  2 necromancers (Depths:1)
  A shining eye (shapeshifter) (Depths:1)
  3 cyclopes
  5 orc sorcerers
  A draconian (Zot:3)
  6 oklob plants (Zot:4)
  4 shining eyes
  36 slime creatures
  8 mana vipers
  2 deep elf magi
  15 salamanders
  9 fauns
  9 elephants
  12 manticores
  8 moths of wrath
  Maurice (D:9)
  31 black mambas
  5 merfolk sirens
  2 guardian serpents
  A gargoyle (D:13)
  3 eyes of devastation (Slime:5)
  6 water nymphs
  15 naga magi
  27 spiny frogs
  2 centaur skeletons (D:15)
  4 rime drakes
  Maggie (Lair:2)
  2 yaktaurs (Depths:1)
  6 komodo dragons
  2 tengu conjurers (Depths:5)
  18 merfolk
  9 trolls
  4 meliai
  4 wind drakes
  A polar bear (Lair:6)
  4 tyrant leeches (Lair:6)
  3 hornets
  23 blink frogs
  11 hippogriffs
  8 snapping turtles
  26 dream sheep
  6 water elementals
  A shadow (D:15)
  A spriggan (shapeshifter) (Depths:4)
  2 wraiths
  47 yaks
  6 fire bats
  5 wyverns
  4 hogs (D:7)
  3 basilisks
  A fire elemental (Lair:5)
  13 vampire mosquitoes
  A steam dragon (D:10)
  10 golden eyes
  A human (D:7)
  A neqoxec (Gauntlet)
  2 hungry ghosts
  3 chaos spawn (Gauntlet)
  A warg (Orc:2)
  34 nagas
  Edmund (D:5)
  2 hell hounds (Gauntlet)
  4 acid dragons
  13 water moccasins
  Duvessa (D:5)
  3 floating eyes
  11 porcupines
  25 orc warriors
  4 ice beasts
  3 sky beasts
  3 black bears
  4 phantoms
  6 eyes of draining
  11 boggarts
  7 ogres
  14 wolves
  18 centaurs
  7 crocodiles
  Blork the orc (D:5)
  A big kobold (D:7)
  30 bullfrogs
  Dowan (D:5)
  2 wyvern zombies
  A water moccasin zombie (Ossuary)
  3 scorpions
  13 wights
  9 killer bees
  An electric eel (Lair:6)
  8 howler monkeys
  4 bullfrog zombies
  11 crimson imps
  A jelly (D:15)
  6 centaur zombies
  7 hounds
  12 orc priests
  A bullfrog skeleton (D:12)
  21 orc wizards
  3 iguanas
  15 mummies (Ossuary)
  Ijyb (D:5)
  12 worker ants
  A killer bee zombie (D:10)
  5 hound zombies
  2 hound skeletons
  6 worker ant zombies
  A howler monkey skeleton (D:4)
  6 gnolls
  8 adders
  A shadow imp (D:11)
  2 oozes
  An adder skeleton (D:5)
  2 adder zombies (Ossuary)
  7 leopard geckos
  62 orcs
  A ball python (D:7)
  6 giant cockroaches
  3 hobgoblins
  18 jackals
  3 quokkas
  2 bats
  4 frilled lizards
  3 goblins
  8 kobolds
  2 quokka zombies
  4 rats
  A bush (Zot:4)
  6 fungi
  10 plants
  7 tentacles
1367 creatures vanquished.

Vanquished Creatures (collateral kills)
  2 Orb Guardians (Zot:5)
  2 hydras
  Nergalle (Lair:3)
  A naga mage (Snake:4)
  A yak (Lair:3)
  A porcupine (Lair:3)
  A black bear (Lair:3)
9 creatures vanquished.

Vanquished Creatures (others)
  A draconian stormcaller (Zot:1)
  A centaur warrior (D:13)
  A tengu warrior (Depths:1)
  3 naga sharpshooters
  A naga ritualist (Snake:4)
  3 naga magi (Snake:4)
  2 nagas (Snake:4)
  A boggart (Depths:1)
  2 centaurs (D:13)
  An orc priest (D:13)
  An orc wizard (Orc:2)
  14 demonic plants (Gauntlet)
  13 fungi
  44 plants
  9 tentacles
  2 withered plants (Ossuary)
99 creatures vanquished.

Grand Total: 1475 creatures vanquished

Notes
Turn   | Place    | Note
-------+----------+-------------------------------------------
     0 | D:1      | Flugslaktarn the Deep Dwarf Fighter began the quest for the
                  | Orb.
     0 | D:1      | Reached XP level 1. HP: 20/20 MP: 1/1
   110 | D:2      | Reached XP level 2. HP: 21/27 MP: 2/2
   303 | D:3      | Noticed a phantom
   333 | D:4      | Noticed a howler monkey
   345 | D:4      | Reached skill level 3 in Fighting
   345 | D:4      | Reached XP level 3. HP: 32/34 MP: 3/3
   347 | D:4      | Reached XP level 4. HP: 39/42 MP: 4/4
   352 | D:4      | Found Meprusse's Book Boutique,
   462 | D:4      | Found a runed translucent gate,
   462 | D:4      | Found a runed translucent gate,
   462 | D:4      | Found a runed translucent gate,
   464 | D:4      | Found an opulent altar of Gozag,
   464 | D:4      | Noticed an ogre
   466 | D:4      | Noticed Zaque's ghost (amateur OgHu)
   466 | D:4      | Noticed a yak
   488 | D:4      | Reached XP level 5. HP: 39/49 MP: 5/5
   529 | D:4      | Found a sand-covered staircase,
   574 | Ossuary  | Entered an ossuary
   643 | Ossuary  | Reached XP level 6. HP: 25/56 MP: 6/6
   671 | Ossuary  | Reached skill level 5 in Axes
   704 | Ossuary  | Reached skill level 4 in Fighting
   771 | Ossuary  | Reached XP level 7. HP: 40/64 MP: 6/6
   799 | Ossuary  | Reached skill level 5 in Armour
   834 | Ossuary  | Reached skill level 5 in Shields
  1290 | D:5      | Entered Level 5 of the Dungeon
  1306 | D:5      | Found Acwiycza's Antique Weapon Shoppe,
  1306 | D:5      | Noticed Edmund
  1316 | D:5      | Killed Edmund
  1316 | D:5      | Reached XP level 8. HP: 46/73 MP: 6/6
  1404 | D:5      | Found a burning altar of Makhleb,
  1407 | D:5      | Noticed Blork the orc
  1410 | D:5      | Found a sparkling altar of Nemelex Xobeh,
  1417 | D:5      | Killed Blork the orc
  1425 | D:5      | Became a worshipper of Makhleb the Destroyer
  1433 | D:5      | Found a hide-covered altar of Uskayaw,
  1489 | D:5      | Noticed Duvessa
  1490 | D:5      | Noticed Dowan
  1493 | D:5      | Reached skill level 1 in Invocations
  1501 | D:5      | Killed Duvessa
  1501 | D:5      | Reached skill level 5 in Fighting
  1511 | D:5      | Killed Dowan
  1567 | D:5      | Noticed Ijyb
  1584 | D:5      | Killed Ijyb
  2096 | D:5      | Found a radiant altar of Vehumet,
  2261 | D:6      | Found a staircase to the Ecumenical Temple,
  2302 | D:6      | Gained mutation: You passively map the area around you.
                  | [Deep Dwarf growth]
  2302 | D:6      | Reached XP level 9. HP: 43/81 MP: 8/8
  2311 | D:6      | Reached * piety under Makhleb
  2948 | D:6      | Found a shimmering altar of Xom,
  3012 | D:7      | Reached ** piety under Makhleb
  3074 | D:7      | Reached skill level 6 in Fighting
  3074 | D:7      | Reached skill level 5 in Invocations
  3246 | D:7      | Reached XP level 10. HP: 54/91 MP: 9/9
  3325 | D:7      | Reached skill level 10 in Axes
  3411 | D:7      | Found a snail-covered altar of Cheibriados,
  3750 | D:8      | Found a sacrificial altar of Ru,
  3772 | D:8      | Reached *** piety under Makhleb
  4127 | D:9      | Found a staircase to the Orcish Mines,
  4144 | D:9      | Found a white marble altar of Elyvilon,
  4144 | D:9      | Found a basalt altar of Yredelemnul,
  4145 | D:9      | Found a shimmering altar of Xom,
  4270 | D:9      | Noticed a two-headed ogre
  4280 | D:9      | Killed a two-headed ogre
  4407 | D:9      | Reached skill level 7 in Fighting
  4447 | D:9      | Noticed Maurice
  4785 | D:9      | Found a staircase to the Orcish Mines,
  4842 | D:9      | Found a white marble altar of Elyvilon,
  4842 | D:9      | Found a shimmering altar of Xom,
  4843 | D:9      | Found a basalt altar of Yredelemnul,
  5197 | D:9      | Found a staircase to the Orcish Mines,
  5217 | D:9      | Found a white marble altar of Elyvilon,
  5217 | D:9      | Found a basalt altar of Yredelemnul,
  5218 | D:9      | Found a shimmering altar of Xom,
  5287 | D:9      | Killed Maurice
  5650 | D:10     | Entered Level 10 of the Dungeon
  5673 | D:10     | Reached XP level 11. HP: 100/100 MP: 11/11
  5711 | D:10     | Found Vougunk's Jewellery Emporium,
  5859 | D:10     | Killed an unseen horror
  5971 | D:10     | Reached **** piety under Makhleb
  5988 | D:10     | Found a staircase to the Lair,
  6386 | D:11     | Found Gutiem's Gadget Shop,
  6391 | D:11     | Noticed a four-headed hydra
  6454 | D:10     | Killed an 11-headed hydra
  6465 | D:11     | Found Xeucuheck's Food Shoppe,
  6699 | D:11     | Found Dydenue's Antique Armour Boutique,
  6703 | D:11     | Bought a glowing kite shield for 187 gold pieces
  6827 | D:11     | Found Sakk's Armour Boutique,
  7150 | Lair:1   | Entered Level 1 of the Lair of Beasts
  7288 | Lair:1   | Reached skill level 8 in Fighting
  7553 | Lair:1   | Reached XP level 12. HP: 89/110 MP: 11/11
  7613 | Lair:1   | Found a dark tunnel,
  7867 | Volcano  | Entered a volcano
  7870 | Volcano  | Noticed a two-headed ogre
  7870 | Volcano  | Noticed an ogre mage
  7876 | Volcano  | Noticed a two-headed ogre
  7887 | Lair:1   | Killed a two-headed ogre
  7921 | Lair:2   | Found a staircase to the Shoals,
  8235 | Lair:2   | Noticed Maggie
  8246 | Lair:2   | Killed Maggie
  8786 | Lair:3   | Noticed an eight-headed hydra
  8804 | Lair:3   | Killed a 12-headed hydra
  8804 | Lair:3   | Reached skill level 10 in Armour
  8804 | Lair:3   | Reached skill level 10 in Shields
  8962 | Lair:3   | Noticed Nergalle
  8971 | Lair:3   | Killed Nergalle
  9130 | Lair:3   | Reached skill level 10 in Invocations
  9257 | Lair:3   | Found a staircase to the Snake Pit,
  9813 | Lair:4   | Reached skill level 9 in Fighting
 10405 | Lair:5   | Noticed a death yak
 10407 | Lair:5   | Noticed a death yak
 10410 | Lair:5   | Noticed a death yak
 10412 | Lair:5   | Noticed a death yak
 10452 | Lair:4   | Killed a death yak
 10453 | Lair:4   | Reached XP level 13. HP: 67/121 MP: 12/12
 10490 | Lair:5   | Noticed Sonja
 10513 | Lair:5   | Killed Sonja
 10570 | Lair:5   | Reached ***** piety under Makhleb
 11259 | Lair:6   | Entered Level 6 of the Lair of Beasts
 11351 | Lair:6   | Reached skill level 15 in Axes
 11552 | Lair:6   | Found a viscous altar of Jiyva,
 11553 | Lair:6   | Found a staircase to the Slime Pits,
 11558 | Lair:6   | Gained mutation: You resist negative energy. (rN+) [Deep
                  | Dwarf growth]
 11558 | Lair:6   | Reached XP level 14. HP: 130/130 MP: 14/14
 11593 | Lair:6   | Reached skill level 10 in Fighting
 11923 | Lair:6   | Reached ****** piety under Makhleb
 12465 | Snake:1  | Entered Level 1 of the Snake Pit
 12772 | Orc:1    | Entered Level 1 of the Orcish Mines
 12772 | Orc:1    | Noticed Urug
 12772 | Orc:1    | Noticed Erica
 12785 | Orc:1    | Killed Urug
 12785 | Orc:1    | Killed Erica
 12870 | Orc:2    | Entered Level 2 of the Orcish Mines
 12920 | Orc:2    | Noticed Saint Roka
 12934 | Orc:2    | Gained mutation: Your magical capacity is low. (-10% MP) [a
                  | neqoxec]
 13024 | Orc:2    | Gained mutation: Potions are less effective at restoring
                  | your health. [a neqoxec]
 13044 | Orc:2    | Killed Saint Roka
 13102 | Orc:2    | Found a roughly hewn altar of Beogh,
 13122 | Orc:2    | Found Wutur's General Store,
 13134 | Orc:2    | Found Qomulle's Antique Weapon Shoppe,
 13157 | Orc:2    | Bought a scroll of enchant armour for 120 gold pieces
 13220 | Orc:2    | Found a staircase to the Elven Halls,
 13714 | Orc:2    | Found Yssips's Book Shoppe,
 13729 | Orc:2    | Found Tegrea Tizel's Antique Armour Shoppe,
 13828 | Orc:2    | Bought a pair of embroidered gloves for 225 gold pieces
 14229 | D:12     | Found a gate leading to a gauntlet,
 14238 | Gauntlet | Entered a Gauntlet
 14238 | Gauntlet | Found a transporter,
 14239 | Gauntlet | Found a large runed translucent door,
 14240 | Gauntlet | Found a large runed translucent door,
 14241 | Gauntlet | Found a large runed translucent door,
 14241 | Gauntlet | Found a large runed translucent door,
 14241 | Gauntlet | Found a runed translucent door,
 14242 | Gauntlet | Found a large runed translucent door,
 14243 | Gauntlet | Found a large runed translucent door,
 14244 | Gauntlet | Found a large runed translucent door,
 14244 | Gauntlet | Found a large runed translucent door,
 14245 | Gauntlet | Found a runed translucent gate,
 14245 | Gauntlet | Found a runed translucent gate,
 14247 | Gauntlet | Found a transporter,
 14255 | Gauntlet | Found a runed translucent gate,
 14255 | Gauntlet | Found a runed translucent door,
 14256 | Gauntlet | Found a large runed translucent door,
 14256 | Gauntlet | Found a large runed translucent door,
 14257 | Gauntlet | Found a large runed translucent door,
 14258 | Gauntlet | Found a large runed translucent door,
 14262 | Gauntlet | Found a transporter,
 14267 | Gauntlet | Found a transporter,
 14284 | Gauntlet | Found a transporter,
 14301 | Gauntlet | Found a transporter,
 14313 | Gauntlet | Found a transporter,
 14325 | Gauntlet | Found a transporter,
 14337 | Gauntlet | Found a transporter,
 14349 | Gauntlet | Found a transporter,
 14370 | Gauntlet | Found a transporter,
 14383 | Gauntlet | Found a transporter,
 14385 | Gauntlet | Found a transporter,
 14410 | Gauntlet | Found a transporter,
 14412 | Gauntlet | Found a transporter,
 14428 | Gauntlet | Found a large runed translucent door,
 14428 | Gauntlet | Found a large runed translucent door,
 14429 | Gauntlet | Found a large runed translucent door,
 14430 | Gauntlet | Found a large runed translucent door,
 14432 | Gauntlet | Found a transporter,
 14510 | Gauntlet | Found a transporter,
 14532 | Gauntlet | Found a transporter,
 14657 | Gauntlet | Paralysed by a hornet for 3 turns
 14691 | Gauntlet | Gained mutation: Your magical capacity is very low. (-20%
                  | MP) [a neqoxec]
 14735 | Gauntlet | Reached XP level 15. HP: 140/140 MP: 11/11
 14750 | Gauntlet | Got a clouded ivory ring
 14752 | Gauntlet | Identified the ring of Megalomania {*Tele rElec rC+ Int-4
                  | Dex+3 Slay+3} (You found it in a Gauntlet)
 15106 | D:13     | HP: 1/140 [very large slime creature (40)]
 15125 | D:13     | Reached skill level 11 in Fighting
 15402 | D:13     | Found a gate to the Vaults,
 15791 | D:15     | Entered Level 15 of the Dungeon
 15799 | D:15     | Found a runed translucent door,
 15799 | D:15     | Noticed a frost giant
 15800 | D:15     | Noticed a tengu reaver
 15802 | D:15     | Found a sacrificial altar of Ru,
 15998 | D:15     | Found a staircase to the Depths,
 16280 | D:15     | Killed a frost giant
 16287 | D:15     | Killed a tengu reaver
 16739 | Snake:1  | Found a shimmering altar of Xom,
 16940 | Snake:2  | Noticed a nagaraja
 16961 | Snake:2  | Killed a nagaraja
 16961 | Snake:2  | Reached XP level 16. HP: 127/151 MP: 12/12
 16965 | Snake:2  | Identified a scroll of acquirement
 17135 | D:10     | Bought a +5 ring of slaying for 1478 gold pieces
 17906 | Snake:4  | Entered Level 4 of the Snake Pit
 17917 | Snake:4  | Reached skill level 12 in Fighting
 17957 | Snake:4  | Reached skill level 15 in Invocations
 18386 | Snake:4  | Noticed Nikola
 18487 | Snake:4  | Killed Nikola
 18493 | Snake:4  | Noticed Aizul
 18515 | Snake:4  | Killed Aizul
 18515 | Snake:4  | Reached XP level 17. HP: 90/162 MP: 13/13
 18571 | Snake:4  | Got a pair of bloodstained gloves
 18582 | Snake:4  | Identified the +2 pair of gloves of the Invisible Hand {rN+
                  | Regen+ Stlth+} (You found it on level 4 of the Snake Pit)
 18716 | Snake:4  | Got a serpentine rune of Zot
 19029 | Shoals:1 | Entered Level 1 of the Shoals
 19156 | Shoals:1 | Found Osmomeop's Jewellery Shop,
 19177 | Shoals:1 | Reached skill level 1 in Dodging
 19207 | Shoals:1 | Noticed a kraken
 19219 | Shoals:1 | Killed a kraken
 19337 | Shoals:1 | Reached skill level 13 in Fighting
 19368 | Shoals:2 | Reached skill level 15 in Shields
 19412 | Shoals:2 | Noticed Ilsuiw
 19429 | Shoals:2 | Killed Ilsuiw
 19518 | Shoals:2 | Reached skill level 15 in Armour
 19860 | Shoals:3 | Noticed Polyphemus
 19899 | Shoals:3 | Killed Polyphemus
 19927 | Shoals:3 | Found Koci's Armour Shoppe,
 20089 | Shoals:3 | Reached skill level 5 in Dodging
 20148 | Shoals:4 | Entered Level 4 of the Shoals
 20185 | Shoals:4 | Identified Roxanne's Disquisition on Moulding
 20185 | Shoals:4 | Noticed Roxanne
 20214 | Shoals:4 | Reached skill level 14 in Fighting
 20418 | Shoals:4 | Noticed Donald
 20446 | Shoals:4 | Killed Donald
 20555 | Shoals:4 | Gained mutation: You passively map a large area around you.
                  | [Deep Dwarf growth]
 20555 | Shoals:4 | Reached XP level 18. HP: 134/176 MP: 12/12
 21146 | Shoals:4 | Killed Roxanne
 21177 | Shoals:4 | Got a barnacled rune of Zot
 21410 | Slime:1  | Entered Level 1 of the Pits of Slime
 21486 | Slime:3  | Gained mutation: You are clumsy. (Dex -2) [a shining eye]
 21487 | Slime:3  | Gained mutation: You are very clumsy. (Dex -4) [a shining
                  | eye]
 21488 | Slime:3  | Reached skill level 15 in Fighting
 21493 | Slime:3  | Gained mutation: You are weak. (Str -2) [a shining eye]
 21505 | Slime:5  | Entered Level 5 of the Pits of Slime
 21525 | Slime:5  | Gained mutation: You are frail. (-10% HP) [a shining eye]
 21528 | Slime:5  | Gained mutation: Your magical capacity is extremely low.
                  | (-30% MP) [a shining eye]
 21544 | Slime:5  | Noticed the Royal Jelly
 21586 | Slime:5  | Killed the Royal Jelly
 21654 | Slime:5  | Found the macabre finger necklace {rN+}
 21670 | Slime:5  | Got a slimy rune of Zot
 22332 | Depths:1 | Entered Level 1 of the Depths
 22464 | Depths:1 | Reached skill level 16 in Fighting
 22527 | Depths:1 | Found a one-way gate to the infinite horrors of the Abyss,
 22534 | Depths:1 | Found a gateway to Hell,
 22610 | Depths:1 | Reached XP level 19. HP: 167/169 MP: 4/9
 22676 | Depths:1 | Identified the amulet of Offaecom {Acrobat Str+6 Stlth-}
                  | (You acquired it on level 1 of the Depths)
 22959 | Shoals:1 | Bought a +4 ring of slaying for 1092 gold pieces
 23315 | Depths:2 | Noticed Sojobo
 23329 | Depths:2 | Noticed Asterion
 23337 | Depths:2 | Killed Sojobo
 23337 | Depths:2 | Reached skill level 10 in Dodging
 23342 | Depths:2 | Gained mutation: Your body sometimes deteriorates upon
                  | taking damage. [a cacodemon]
 23349 | Depths:2 | Gained mutation: Armour fits poorly on your strangely
                  | shaped body. [a cacodemon]
 23355 | Depths:2 | Killed Asterion
 23377 | Depths:2 | Lost mutation: You are very clumsy. (Dex -4) [potion of
                  | mutation]
 23377 | Depths:2 | Lost mutation: You are clumsy. (Dex -2) [potion of
                  | mutation]
 23377 | Depths:2 | Lost mutation: Armour fits poorly on your strangely shaped
                  | body. [potion of mutation]
 23377 | Depths:2 | Lost mutation: Your body sometimes deteriorates upon taking
                  | damage. [potion of mutation]
 23377 | Depths:2 | Gained mutation: You are somewhat resistant to further
                  | mutation. [potion of mutation]
 23378 | Depths:2 | Lost mutation: Your magical capacity is extremely low.
                  | (-30% MP) [potion of mutation]
 23378 | Depths:2 | Lost mutation: Your magical capacity is very low. (-20% MP)
                  | [potion of mutation]
 23430 | Depths:2 | You fall into a shaft and drop 2 floors!
 23506 | Depths:5 | Entered Level 5 of the Depths
 23506 | Depths:5 | Noticed a golden dragon
 23518 | Depths:5 | Killed a golden dragon
 23518 | Depths:5 | Reached skill level 17 in Fighting
 23696 | Depths:4 | Found a gateway to a ziggurat,
 23701 | Depths:4 | Found a one-way gate leading to the halls of Pandemonium,
 23808 | Depths:5 | Found a gate to the Realm of Zot,
 23849 | Depths:5 | Reached XP level 20. HP: 120/183 MP: 16/16
 23886 | Zot:1    | Entered Level 1 of the Realm of Zot
 23927 | Zot:1    | Reached skill level 18 in Fighting
 24283 | Zot:2    | Noticed an orb of fire
 24311 | Zot:2    | Killed an orb of fire
 24381 | Zot:2    | Reached skill level 19 in Fighting
 24506 | Zot:3    | Reached XP level 21. HP: 195/195 MP: 15/15
 24538 | Zot:3    | Noticed a golden dragon
 24554 | Zot:3    | Killed a golden dragon
 24796 | Zot:4    | Noticed an orb of fire
 24796 | Zot:4    | Gained mutation: Your magical capacity is very low. (-20%
                  | MP) [an orb of fire]
 24817 | Zot:4    | Killed an orb of fire
 24964 | Zot:4    | Reached skill level 20 in Fighting
 24988 | Zot:4    | Noticed a curse toe
 25306 | Zot:4    | Killed a curse toe
 25366 | Zot:5    | Entered Level 5 of the Realm of Zot
 25746 | Zot:5    | Noticed an orb of fire
 25752 | Zot:5    | Noticed a Killer Klown
 25754 | Zot:5    | Noticed a Killer Klown
 25763 | Zot:5    | Noticed a Killer Klown
 25767 | Zot:5    | Noticed a Killer Klown
 25769 | Zot:5    | Killed an orb of fire
 25772 | Zot:5    | Noticed a Killer Klown
 25782 | Zot:5    | Killed a Killer Klown
 25800 | Zot:5    | Killed a Killer Klown
 25803 | Zot:5    | Killed a Killer Klown
 25803 | Zot:5    | Reached skill level 21 in Fighting
 25804 | Zot:5    | Killed a Killer Klown
 25804 | Zot:5    | Reached XP level 22. HP: 208/208 MP: 7/7
 25814 | Zot:5    | Noticed a golden dragon
 25824 | Zot:5    | Noticed an orb of fire
 25833 | Zot:5    | Killed a golden dragon
 25843 | Zot:5    | Killed an orb of fire
 25854 | Zot:5    | Killed a Killer Klown
 25962 | Zot:5    | Noticed an orb of fire
 25968 | Zot:5    | Noticed a Killer Klown
 25971 | Zot:5    | Noticed a Killer Klown
 25973 | Zot:5    | Noticed an orb of fire
 25994 | Zot:5    | Killed from afar by an electric golem

Levels and vault maps discovered:
D:1:      minmay_arrival_hallway, layout_basic
D:2:      layout_rooms, first_ration, minmay_misc_feat_diagonals,
          uniq_crazy_yiuf_cottage
D:3:      layout_rooms, cheibrodos_sewer_entry_sluice, minmay_misc_feat_x
D:4:      layout_basic, ebering_ghost_gozag, enter_ossuary_5, serial_shops,
          kennysheep_mini
D:5:      layout_cave_pods, kennysheep_mini_moat,
          chequers_temple_overflow_statue_of_worship,
          nicolae_overflow_crystal_walls, serial_shops, shop,
          minmay_a_box_with_orc_wizards_in_it, uniq_edmund, uniq_blork_the_orc,
          uniq_duvessa, uniq_ijyb
D:6:      layout_basic, minmay_temple_entry_slanted, tgw_xom
D:7:      layout_cave_pools, marbit_many_paths, grunt_livestock
D:8:      layout_rooms, nicolae_ru_sacrificial_ziggurat
D:9:      layout_irregular_city, gammafunk_temple_overflow_claw, orc_0_dummy,
          uniq_maurice
D:10:     layout_basic, lair_entry_dummy, serial_shops,
          nicolae_shop_competitors_out_of_business
D:11:     layout_loops_ring, serial_shops, nicolae_shop_crystal,
          kennysheep_little_box, nicolae_shop_stone, shop_statue
D:12:     layout_cross, gauntlet_entry_generic, chequers_serial_rivers_small_a,
          roderic_lattice_a, uniq_jorgrun
D:13:     layout_rooms, david_vaults_5, minmay_orc_keep
D:14:     minmay_the_grid_four_pointed_star_mashed
          [minmay_the_grid_triangle_9x9_corrupted_corridor,
          minmay_the_grid_triangle_9x9_stretched_checkered,
          minmay_the_grid_triangle_9x9_shrine,
          minmay_the_grid_triangle_9x9_negative_grid,
          minmay_the_grid_prize_trominoes], layout_loops_cross, basic_altar,
          nemelex_xobeh_ov_fountains_minmay
D:15:     hangedman_depths_entry_try_elsewhere_first, layout_loops_ring,
          basic_altar, kennysheep_treasure_room
Lair:1:   layout_long_grid, lightli_volcano_entry_magma_tube
Lair:2:   layout_hall_layers, minmay_shoals_entry_centaurs, uniq_maggie
Lair:3:   layout_long_grid, guppyfry_snake_entry_island, disabler_island,
          uniq_nergalle
Lair:4:   layout_gridlike, serial_bayou_shore_b
Lair:5:   layout_gridlike, infiniplex_staircase_pool_2, grunt_megastairs_4,
          uniq_sonja
Lair:6:   minmay_lair_end_frog_pond, layout_hall_layers, slime_altar_1,
          chequers_serial_rivers_room_a, nicolae_lair_grove_arrangements
Shoals:1: layout_shoals, minmay_shop_enchanted_jewellery
Shoals:2: layout_shoals, centaur_isle, uniq_ilsuiw
Shoals:3: layout_shoals, serial_shops, nicolae_shop_waterfront,
          nicolae_shoals_square_sea_wall, nicolae_shoals_so_close,
          uniq_polyphemus
Shoals:4: shoals_end_hangedman, layout_shoals, shoals_ilsuiw_ice, uniq_roxanne,
          uniq_donald
Snake:1:  layout_onion, basic_altar, serial_bayou_shore_b
Snake:2:  layout_layer_cave, drop_trap, uniq_azrael
Snake:3:  layout_chambers, gammafunk_ghost_cemetery, guppyfry_library_mini
Snake:4:  snake_pit, layout_gridlike, uniq_saint_roka, uniq_aizul, uniq_nikola
Slime:1:  layout_caves
Slime:2:  layout_caves
Slime:3:  layout_caves, cheibrodos_slime_lost_civilization_5
Slime:4:  layout_caves
Slime:5
Orc:1:    layout_diamond_mine, uniq_urug, uniq_erica
Orc:2:    grunt_orc_cross, layout_diamond_mine, mines3_lemuel
Depths:1: layout_cave_pools, hell_entry, hangedman_abyss_or_decor_passed,
          serial_column_ruins, column_ruins_portal_squares,
          column_ruins_square_large, column_ruins_circle_medium,
          column_ruins_open_small, column_ruins_columns_T,
          column_ruins_columns_straight, column_ruins_grid_3,
          column_ruins_open_tiny, column_ruins_grid_1, pan_entry, st_stairs_8,
          chequers_serial_rivers_micro_a, drop_trap, minivault_15,
          kennysheep_just_a_vault
Depths:2: minmay_fractal_lines_corner, layout_cave_shapes,
          grunt_hell_entry_dis_grunt, bh_walls_and_bars,
          kennysheep_random_hallway, uniq_sojobo, uniq_asterion
Depths:3: wad_arrow_thing, layout_gridlike, minmay_door_square,
          rand_demon_pan_entry_9, hell_entry
Depths:4: hangedman_pleasuredromes, hell_entry, serial_shops, pan_entry,
          abyss_entry
Depths:5: grunt_zot_entry_tricorne, layout_cave_pools, roderic_serpentine_path,
          hell_entry, special_room [special_room_jelly]
Zot:1:    layout_twisted_circle
Zot:2:    grunt_deathspiral_small, layout_cathedral_of_symmetry
Zot:3:    ebering_greatest_show_in_zot, layout_basic
Zot:4:    grunt_zot_stairs_overgrown, layout_misc_corridors
Zot:5:    layout_concentric_octagons

Skill      XL: |  1  2  3  4  5  6  7  8  9 10 11 12 13 14 15 16 17 18 19 20 21 |
---------------+----------------------------------------------------------------+-----
Fighting       | 3 4 5 6 7 8 9 10 11 12 14 16 17 19 21 | 21.8
Axes           | 3 4 5 6 8 9 11 12 14 15 16 17 18 | 18.0
Armour         | 4 5 6 7 8 9 10 11 12 13 14 15 16 17 19 20 | 20.8
Shields        | 4 5 6 7 8 9 10 11 12 13 14 15 | 15.0
Invocations    | 3 5 7 9 10 11 13 14 15 | 15.0
Dodging        | 6 9 11 | 11.0

Action                   |  1- 3 |  4- 6 |  7- 9 | 10-12 | 13-15 | 16-18 | 19-21 | 22-24 || total
-------------------------+-------+-------+-------+-------+-------+-------+-------+-------++-------
Melee: War axe           |    78 |   161 |   114 |       |       |       |       |       ||   353
       Broad axe         |       |       |   252 |   778 |  1225 |  1279 |  1062 |   131 ||  4727
Throw: Throwing net      |       |       |       |       |       |     2 |       |       ||     2
Invok: Lesser Servant of |       |       |       |    11 |       |       |     1 |       ||    12
       Greater Servant o |       |       |       |       |       |     1 |     1 |     2 ||     4
 Abil: Heal Wounds       |     2 |     4 |    11 |    15 |    16 |    27 |    40 |     9 ||   124
Evoke: Wand              |       |       |       |       |     3 |       |       |       ||     3
  Use: Scroll            |       |       |    17 |    14 |     7 |    20 |    10 |     2 ||    70
       Potion            |       |       |       |       |     1 |     6 |     6 |     3 ||    16
 Stab: Distracted        |       |       |       |     1 |     1 |       |     2 |     1 ||     5
       Invisible         |       |       |       |       |    17 |       |       |       ||    17
       Petrified         |       |       |       |       |       |     9 |       |       ||     9
       Confused          |       |       |       |       |       |       |     2 |       ||     2
  Eat: Chunk             |       |       |     9 |    22 |    15 |    10 |     6 |       ||    62
       Ration            |       |       |       |     1 |     3 |     3 |     1 |       ||     8
Armor: Scale mail        |    42 |    68 |   140 |       |       |       |       |       ||   250
       Chain mail        |       |       |     8 |   342 |   330 |   604 |       |       ||  1284
       Plate armour      |       |       |       |   169 |   362 |    88 |   682 |    78 ||  1379
Dodge: Dodged            |    35 |    53 |   104 |   210 |   259 |   369 |   431 |    36 ||  1497
Block: Kite shield       |    54 |    78 |   216 |   546 |  1078 |   967 |   704 |    81 ||  3724
       Reflection        |       |       |       |     5 |    56 |       |       |       ||    61

Table legend:
 A = Non-vault XP
 B = Vault XP
 C = Vault XP percentage of total XP
 D = Non-vault monster count
 E = Vault monster count
 F = Vault count percentage of total count
                 A         B        C        D         E       F
            +---------+---------+-------+---------+---------+-------
      Total |  411719 |  364267 |  46.9 |     941 |     406 |  30.1
            +---------+---------+-------+---------+---------+-------
        D:1 |       8 |       0 |   0.0 |       6 |       0 |   0.0
        D:2 |      11 |       0 |   0.0 |       6 |       0 |   0.0
        D:3 |      12 |       0 |   0.0 |       7 |       0 |   0.0
        D:4 |     434 |       0 |   0.0 |      21 |       0 |   0.0
        D:5 |     465 |     707 |  60.3 |      17 |      10 |  37.0
        D:6 |    1416 |      34 |   2.3 |      24 |       6 |  20.0
        D:7 |    2121 |    1062 |  33.4 |      41 |       6 |  12.8
        D:8 |    1028 |      13 |   1.2 |      22 |       1 |   4.3
        D:9 |    2070 |     493 |  19.2 |      18 |       1 |   5.3
       D:10 |    5343 |       0 |   0.0 |      44 |       0 |   0.0
       D:11 |    3324 |       0 |   0.0 |      26 |       0 |   0.0
       D:12 |    2947 |       0 |   0.0 |      20 |       0 |   0.0
       D:13 |   14276 |    3793 |  21.0 |      67 |      19 |  22.1
       D:14 |     536 |       0 |   0.0 |       3 |       0 |   0.0
       D:15 |   13410 |    7538 |  36.0 |      43 |       7 |  14.0
     Lair:1 |    2651 |     888 |  25.1 |      14 |       1 |   6.7
     Lair:2 |    1480 |     824 |  35.8 |       9 |       5 |  35.7
     Lair:3 |    7045 |    1248 |  15.0 |      34 |       5 |  12.8
     Lair:4 |    5489 |       0 |   0.0 |      19 |       0 |   0.0
     Lair:5 |    9563 |     935 |   8.9 |      30 |       2 |   6.2
     Lair:6 |   13267 |   13268 |  50.0 |      43 |      50 |  53.8
   Shoals:1 |   15506 |       0 |   0.0 |      26 |       0 |   0.0
   Shoals:2 |    6964 |    2968 |  29.9 |      13 |       4 |  23.5
   Shoals:3 |   18165 |    6120 |  25.2 |      35 |       6 |  14.6
   Shoals:4 |    4712 |   30044 |  86.4 |      12 |      41 |  77.4
    Snake:1 |   26583 |       0 |   0.0 |      55 |       0 |   0.0
    Snake:2 |   11208 |       0 |   0.0 |      20 |       0 |   0.0
    Snake:3 |    2419 |       0 |   0.0 |       5 |       0 |   0.0
    Snake:4 |    7062 |   30445 |  81.2 |      15 |      46 |  75.4
    Slime:1 |    4696 |       0 |   0.0 |      11 |       0 |   0.0
    Slime:2 |    2878 |       0 |   0.0 |       9 |       0 |   0.0
    Slime:3 |    7017 |       0 |   0.0 |      10 |       0 |   0.0
    Slime:5 |   10550 |   28152 |  72.7 |      22 |      13 |  37.1
      Orc:1 |    1586 |    1782 |  52.9 |      11 |       2 |  15.4
      Orc:2 |    2063 |   10786 |  83.9 |      16 |      37 |  69.8
   Depths:1 |   33279 |    3924 |  10.5 |      48 |       3 |   5.9
   Depths:2 |   23787 |   12665 |  34.7 |      26 |       4 |  13.3
   Depths:3 |    3041 |       0 |   0.0 |       3 |       0 |   0.0
   Depths:4 |    1280 |   14384 |  91.8 |       2 |      18 |  90.0
   Depths:5 |   19215 |   13274 |  40.9 |      18 |       9 |  33.3
      Zot:1 |   15441 |       0 |   0.0 |       9 |       0 |   0.0
      Zot:2 |   25327 |   43147 |  63.0 |      17 |      19 |  52.8
      Zot:3 |    8569 |   25956 |  75.2 |       3 |      18 |  85.7
      Zot:4 |   41646 |     542 |   1.3 |      23 |       1 |   4.2
      Zot:5 |   31829 |  104457 |  76.6 |      18 |      30 |  62.5
    Ossuary |       0 |     823 | 100.0 |       0 |      30 | 100.0
   Gauntlet |       0 |    3995 | 100.0 |       0 |      12 | 100.0
            +---------+---------+-------+---------+---------+-------
